 Dungeon Crawl Stone Soup version 0.20.0-14-g326068f (webtiles) character file.

508 maniacrov the Conjurer (level 6, -4/32 HPs)
             Began as a Deep Elf Conjurer on June 8, 2017.
             Slain by a bullfrog skeleton (6 damage)
             ... on level 5 of the Dungeon.
             The game lasted 00:23:29 (3921 turns).

maniacrov the Conjurer (Deep Elf Conjurer)          Turns: 3921, Time: 00:23:29

Health: -4/32      AC:  3    Str:  9    XL:     6   Next: 98%
Magic:  0/17       EV: 14    Int: 22    God:
Gold:   264        SH:  0    Dex: 15    Spells: 3/17 levels left

rFire    . . .     SeeInvis .   d - +0 dagger
rCold    . . .     Gourm    .   (no shield)
rNeg     . . .     Faith    .   a - +1 robe
rPois    .         Spirit   .   (no helmet)
rElec    .         Reflect  .   (no cloak)
rCorr    .         Harm     .   (no gloves)
MR       .....                  (no boots)
Stlth    ++........             (no amulet)
Regen    0.1/turn               n - +4 ring of strength
MPRegen  0.2/turn               (no ring)

@: very slightly contaminated
A: no striking features
a: no special abilities


You were on level 5 of the Dungeon.
You were not hungry.

You visited 1 branch of the dungeon, and saw 5 of its levels.

You collected 264 gold pieces.

Inventory:

Hand Weapons
 c - a +5 hand axe of distortion
 d - a +0 dagger (weapon)
Armour
 a - a +1 robe (worn)
Jewellery
 m - an uncursed amulet of regeneration {unknown}
 n - a +4 ring of strength (left hand)
Scrolls
 i - 5 scrolls of remove curse
 l - a scroll of identify
Potions
 e - a potion of might {unknown}
 f - 4 potions of heal wounds
 k - a potion of curing
 o - a potion of haste {unknown}
Books
 b - a book of Conjurations

   Spells                             Type                      Level
   a - Magic Dart                     Conjuration                  1
   b - Searing Ray                    Conjuration                  2
   c - Dazzling Spray                 Conjuration/Hexes            3
   d - Fulminant Prism                Conjuration/Hexes            4
   e - Force Lance                    Conjuration/Translocation    4
   f - Iskenderun's Mystic Blast      Conjuration                  4
Comestibles
 g - 4 royal jellies
 h - 2 meat rations
 j - 4 bread rations


   Skills:
 + Level 0.2 Short Blades
 + Level 3.7 Dodging
 + Level 3.4 Stealth
 + Level 6.3 Spellcasting
 + Level 7.0 Conjurations
 + Level 0.6 Hexes


You had 3 spell levels left.
You knew the following spells:

 Your Spells              Type           Power        Failure   Level  Hunger
a - Magic Dart            Conj           ####         1%          1    None
b - Searing Ray           Conj           #####.       1%          2    None
c - Dazzling Spray        Conj/Hex       ###...       5%          3    #......
d - Fulminant Prism       Conj/Hex       ###.......   19%         4    ###....
e - Force Lance           Conj/Tloc      ###.....     21%         4    ###....


Dungeon Overview and Level Annotations

Branches:
Dungeon (5/15)
 Temple: D:4-7

Altars:


Message History

The bullfrog skeleton hits you but does no damage.
Casting: Magic Dart
Confirm with . or Enter, or press ? or * to list all spells.
Aiming: Magic Dart
Press: ? - help, Shift-Dir - straight line, f/p - bullfrog skeleton
Aim: a bullfrog skeleton (moderately damaged)
The magic dart hits the bullfrog skeleton.
The bullfrog skeleton is severely damaged.
The bullfrog skeleton hits you.
* * * LOW HITPOINT WARNING * * *
The ice beast misses you.
The bullfrog skeleton barely misses you.
Unknown command.
Casting: Magic Dart
Confirm with . or Enter, or press ? or * to list all spells.
You don't have enough magic to cast that spell.
You hit the bullfrog skeleton.
The bullfrog skeleton is severely damaged.
The ice beast barely misses you. The bullfrog skeleton hits you.
You die...

.# #.# #.# ## #.# #.# # #.#
#.# # #.# #.# # #.# #.# #
#.##### #.# # #############
#.....# #.##.
............#############.#
#.#.#
###########....Z@Y...# #.#
#.#.. #.########.# #.#
#.#.# ###########.# #.# #.#
#.... ............#
#.####.###....
###########.#
#.......<..... #.#
##############.. ..#
#..........# ##. ###
#.########.## #.
#######.### ##...###.


You could see an ice beast and a bullfrog skeleton.

Vanquished Creatures
  A scorpion (D:4)
  A hound (D:5)
  A crimson imp (D:5)
  2 orc priests
  A centaur skeleton (D:5)
  2 worker ants (D:4)
  A hound skeleton (D:4)
  4 gnolls (D:3)
  7 adders
  A shadow imp (D:5)
  2 oozes
  An adder skeleton (D:4)
  3 worms
  5 dart slugs
  A leopard gecko (D:5)
  20 orcs
  2 ball pythons
  6 giant cockroaches
  8 hobgoblins
  4 kobolds
  3 quokkas
  4 bats
  2 frilled lizards
  9 goblins
  A quokka skeleton (D:4)
  3 rats
95 creatures vanquished.

Vanquished Creatures (others)
  A fulminant prism (D:5)
1 creature vanquished.

Grand Total: 96 creatures vanquished

Notes
Turn   | Place    | Note
-------+----------+-------------------------------------------
     0 | D:1      | maniacrov the Deep Elf Conjurer began the quest for the Orb.
     0 | D:1      | Reached XP level 1. HP: 10/10 MP: 6/6
    79 | D:1      | Reached XP level 2. HP: 11/15 MP: 0/8
   135 | D:1      | Reached skill level 5 in Conjurations
   350 | D:1      | Learned a level 2 spell: Searing Ray
   741 | D:2      | Reached XP level 3. HP: 19/19 MP: 2/9
  1324 | D:2      | Learned a level 2 spell: Searing Ray
  1328 | D:2      | Learned a level 3 spell: Dazzling Spray
  1437 | D:3      | Reached XP level 4. HP: 21/24 MP: 3/11
  2054 | D:3      | Reached XP level 5. HP: 28/28 MP: 8/13
  2108 | D:3      | Reached skill level 6 in Conjurations
  2902 | D:4      | Reached skill level 5 in Spellcasting
  2904 | D:4      | Reached XP level 6. HP: 23/32 MP: 2/15
  3227 | D:5      | Entered Level 5 of the Dungeon
  3570 | D:5      | Reached skill level 7 in Conjurations
  3813 | D:5      | Learned a level 4 spell: Fulminant Prism
  3818 | D:5      | Learned a level 4 spell: Force Lance
  3880 | D:5      | Noticed an ice beast
  3921 | D:5      | Slain by a bullfrog skeleton

Skill      XL: |  1  2  3  4  5  6 |
---------------+-------------------+-----
Conjurations   | 5 6 7 |  7.0
Spellcasting   | 4 5 6 |  6.3
Dodging        | 3 |  3.7
Stealth        | 3 |  3.4
Short Blades   | |  0.2
Hexes          | |  0.6

Action                   |  1- 3 |  4- 6 || total
-------------------------+-------+-------++-------
Melee: Dagger            |     7 |     8 ||    15
 Cast: Magic Dart        |    64 |   165 ||   229
       Searing Ray       |     4 |     8 ||    12
       Dazzling Spray    |     1 |     7 ||     8
       Fulminant Prism   |       |     1 ||     1
       Force Lance       |       |     1 ||     1
  Use: Scroll            |    12 |     3 ||    15
       Potion            |     2 |     7 ||     9
  Eat: Bread ration      |     1 |       ||     1
       Meat ration       |       |     1 ||     1
Armor: Robe              |     1 |    14 ||    15
Dodge: Dodged            |     9 |    63 ||    72
